Map: Goldenaura LE

Players

TerranYOUup - Winner!

  • Race: Terran Terran
  • League: Diamond
  • Spawn Location: 5:00

HuShang

  • Race: Zerg Zerg
  • League: Grandmaster
  • Spawn Location: 12:00

VOD

Have the link to the VOD?

Description

Time

  • Played on: Nov. 20, 2023, 10:41 p.m.
  • Length: 18:59
Show
View Real Time Build Order
Export as new Build Order

TerranYOUup Terran - Winner!

Build Orders: 2 Factory, Cyclone Opening, Mech 

Get SALT Encoding   

  12  0:00  SCV  
  13  0:13  SCV  
  14  0:17  Supply Depot  
  14  0:25  SCV  
  15  0:29  Refinery  
  15  0:39  SCV  
  16  0:45  Barracks  
  16  0:51  SCV  
  17  1:01  Refinery  
  17  1:03  SCV  
  18  1:15  SCV  
  19  1:27  SCV  
  20  1:33  Factory  
  20  1:39  Orbital Command  
  20  1:48  Factory  
  20  1:59  Supply Depot  
  20  2:06  SCV  
  21  2:18  Cyclone  
  21  2:20  SCV  
  24  2:27  Supply Depot  
  24  2:32  SCV  
  24  2:33  Cyclone  
  27  2:57  Command Center  
  27  3:03  Cyclone  
  29  3:14  SCV  
  30  3:24  Factory Tech Lab  
  30  3:33  Command Center  
  30  3:37  Factory Tech Lab  
  30  3:46  Siege Tank  
  33  3:59  Siege Tank  
  36  4:09  Armory  
  36  4:10  Armory  
  36  4:12  Orbital Command  
  36  4:16  Refinery  
  36  4:29  SCV  
  37  4:33  Siege Tank  
  40  4:39  SCV  
  40  4:41  SCV  
  42  4:47  Orbital Command  
  42  4:51  SCV  
  43  4:53  SCV  
  44  5:02  Refinery  
  44  5:04  SCV  
  45  5:07  SCV  
  45  5:13  Terran Vehicle Weapons Level 1, Terran Vehicle And Ship Armor Level 1  
  46  5:14  SCV  
  47  5:30  SCV x2  
  47  5:31  SCV  
  50  5:47  Siege Tank x2  
  50  5:48  SCV x3  
  59  5:53  Factory  
  59  5:56  Factory  
  59  5:57  Factory  
  59  6:00  SCV x3  
  62  6:16  Factory  
  62  6:19  Factory  
  62  6:22  Supply Depot  
  62  6:23  Supply Depot  
  62  6:24  Supply Depot  
  62  6:27  Supply Depot  
  62  6:28  Siege Tank  
  65  6:40  SCV  
  65  6:41  SCV x2  
  68  6:50  Supply Depot  
  68  6:53  SCV x2  
  68  6:54  Orbital Command, Factory Reactor x3  
  71  6:57  Infernal Pre-Igniter  
  71  7:05  SCV x2  
  71  7:08  Factory Tech Lab x2  
  72  7:10  Siege Tank  
  75  7:17  SCV x2  
  75  7:22  SCV  
  78  7:27  Engineering Bay  
  78  7:29  SCV x2, Refinery x2  
  80  7:34  Supply Depot x2  
  80  7:36  Hellion x3  
  86  7:38  Supply Depot  
  86  7:40  SCV  
  86  7:41  SCV x2  
  89  7:48  Supply Depot  
  89  7:53  SCV x3  
  92  8:01  Hellion x4  
  92  8:02  Hellion  
  92  8:05  SCV x3  
  105  8:16  Hellion x2  
  105  8:17  Hellion x3, SCV x3  
  118  8:23  Terran Vehicle Weapons Level 2  
  118  8:24  Terran Vehicle And Ship Armor Level 2  
  118  8:40  Siege Tank x4  
  130  8:43  Hellion x2  
  134  8:53  Supply Depot x3  
  134  9:00  Command Center  
  124  9:26  Thor x4  
  124  9:28  Hellion x3  
  124  9:29  Hellion  
  156  9:42  Supply Depot  
  156  9:43  Supply Depot x2  
  156  9:46  Supply Depot  
  156  10:10  Hellion x2  
  156  10:11  Thor x3, Hellion x4  
  186  10:34  Sensor Tower  
  186  10:43  Terran Vehicle And Ship Armor Level 3, Terran Vehicle Weapons Level 3  
  186  10:57  Hellion x3  
  186  10:58  Hellion x3, Refinery  
  186  11:02  Command Center  
  186  11:03  Sensor Tower  
  198  11:04  Refinery  
  198  11:09  Missile Turret  
  198  11:10  Supply Depot  
  198  11:20  Missile Turret, SCV x2  
  198  11:25  Planetary Fortress  
  143  11:44  Siege Tank x3  
  143  11:45  Siege Tank, Hellion x3  
  143  11:46  Hellion x3  
  167  11:49  SCV x3  
  170  11:54  Command Center  
  172  12:08  Hellion  
  172  12:09  Hellion x5  
  172  12:11  Smart Servos, Hurricane Engines, Drilling Claws  
  182  12:16  Siege Tank x2  
  182  12:17  Siege Tank x2  
  182  12:18  Starport  
  182  12:19  Starport  
  182  12:21  SCV x3  
  182  12:22  SCV, Starport  
  186  13:00  Cyclone  
  186  13:01  Cyclone x7  
  186  13:03  Starport Reactor  
  186  13:04  Starport Reactor x2  
  196  13:17  Sensor Tower  
  171  13:35  Thor x4  
  171  13:36  Hellion  
  171  13:37  Hellion x5  
  197  13:51  Missile Turret  
  197  13:58  Hellion  
  199  14:16  Liberator x4, Hellion x2  
  199  14:18  Siege Tank  
  199  14:20  Planetary Fortress  
  192  14:50  Thor  
  128  15:15  Liberator x3  
  128  15:16  Liberator x3  
  128  15:17  SCV x2  
  128  15:18  SCV x2  
  150  15:33  Siege Tank x3  
  150  15:34  Siege Tank, Hellion  
  150  15:35  Hellion x5  
  134  15:56  Hellion x5  
  134  15:57  Hellion  
  121  15:58  Liberator x5  
  132  16:05  Siege Tank x2  
  132  16:06  Siege Tank  
  130  16:35  Planetary Fortress  
  127  16:42  Siege Tank x3  
  127  16:43  Hellion x4  
  127  16:44  Hellion x2  
  148  16:55  Refinery  
  148  17:08  Siege Tank  
  148  17:09  Hellion  
  148  17:10  Hellion x3  
  148  17:14  Siege Tank x2  
  155  17:33  Hellion  
  155  17:34  Hellion x3  
  137  17:48  SCV x3  
  140  18:00  SCV  
  141  18:06  Sensor Tower  
  141  18:09  Cyclone x3  
  141  18:10  Cyclone x3  
  163  18:43  SCV  
  163  18:44  SCV  
Show
View Real Time Build Order
Export as new Build Order

HuShang Zerg 

Build Orders: Hatch First 

Get SALT Encoding   

  12  0:01  Drone  
  13  0:18  Overlord  
  13  0:20  Drone  
  14  0:36  Drone x2  
  16  0:52  Hatchery  
  16  0:53  Drone  
  16  0:58  Drone  
  16  1:01  Drone  
  18  1:12  Extractor  
  18  1:17  Spawning Pool  
  16  1:19  Drone  
  16  1:23  Drone  
  18  1:34  Drone  
  19  1:44  Drone  
  20  2:04  Queen x2  
  20  2:06  Drone, Overlord  
  20  2:08  Drone  
  26  2:20  Zergling x4  
  28  2:26  Metabolic Boost  
  28  2:28  Drone x2  
  30  2:40  Hatchery  
  30  2:42  Drone x2  
  31  2:52  Overlord  
  31  2:54  Drone  
  32  2:59  Zergling x2  
  32  3:04  Overlord  
  33  3:16  Drone x2  
  33  3:17  Drone  
  36  3:26  Drone x3  
  39  3:27  Drone x3  
  39  3:32  Roach Warren  
  39  3:33  Drone  
  42  3:35  Queen  
  42  3:36  Overlord  
  43  3:52  Drone x6  
  43  3:53  Lair  
  43  3:55  Overlord  
  49  3:58  Overlord  
  49  4:05  Drone, Extractor  
  49  4:06  Drone x2  
  51  4:16  Drone  
  52  4:18  Drone x5, Queen  
  52  4:21  Drone x2  
  52  4:23  Drone  
  62  4:32  Drone x3  
  62  4:36  Queen  
  67  4:43  Drone, Spore Crawler  
  67  4:44  Spore Crawler  
  67  4:45  Drone  
  67  4:46  Drone  
  67  4:52  Overseer  
  68  4:53  Drone x2  
  68  4:54  Drone x3  
  68  4:55  Overlord x3  
  73  5:02  Extractor x2, Spore Crawler, Drone x2  
  73  5:05  Extractor, Drone  
  73  5:06  Drone, Extractor, Glial Reconstitution  
  72  5:11  Overlord  
  72  5:26  Hatchery  
  72  5:27  Drone x12  
  83  5:33  Evolution Chamber  
  83  5:34  Drone, Evolution Chamber  
  82  5:38  Drone x2  
  84  5:49  Overlord x3  
  84  5:55  Hatchery  
  83  5:57  Overlord x2  
  83  6:01  Zerg Melee Weapons Level 1  
  83  6:02  Zerg Missile Weapons Level 1  
  83  6:04  Infestation Pit  
  83  6:05  Roach  
  83  6:06  Roach x2  
  88  6:14  Roach x4  
  88  6:15  Roach x2  
  100  6:21  Roach  
  100  6:22  Roach x3  
  108  6:30  Overlord x3  
  108  6:32  Drone x4  
  112  6:37  Burrow  
  112  6:38  Pneumatized Carapace  
  112  6:40  Hive  
  112  6:42  Drone x2  
  112  6:43  Drone  
  112  6:44  Drone  
  116  6:49  Drone x5  
  121  7:16  Roach x15  
  151  7:23  Baneling Nest  
  150  7:49  Hydralisk Den  
  149  7:53  Adrenal Glands, Evolution Chamber  
  149  7:54  Viper x3  
  149  7:56  Roach  
  149  7:57  Zergling x20, Roach x7, Hatchery  
  149  7:58  Overlord x4  
  182  8:04  Zerg Melee Weapons Level 2, Hatchery  
  181  8:13  Spine Crawler x2  
  181  8:15  Spine Crawler x2  
  181  8:16  Drone x2  
  181  8:17  Drone x7  
  186  8:27  Zerg Missile Weapons Level 2  
  186  8:28  Zerg Ground Armor Level 1  
  186  8:32  Centrifugal Hooks  
  185  8:44  Evolution Chamber  
  185  8:45  Evolution Chamber  
  185  8:46  Drone x3  
  185  8:48  Evolution Chamber x2  
  185  8:49  Evolution Chamber  
  185  8:50  Evolution Chamber  
  182  9:15  Zergling x36  
  199  9:23  Baneling x17  
  197  9:26  Baneling  
  197  9:30  Zergling x4  
  199  9:57  Baneling x39  
  199  10:18  Ultralisk Cavern  
  199  10:20  Muscular Augments  
  198  10:29  Spine Crawler x2  
  198  10:30  Spine Crawler  
  198  10:32  Spine Crawler  
  194  10:36  Viper  
  197  10:46  Spine Crawler  
  197  10:47  Viper, Spine Crawler  
  197  10:49  Spine Crawler x2  
  196  10:50  Spine Crawler  
  196  10:54  Overseer  
  193  10:57  Overseer x3  
  193  11:24  Grooved Spines  
  132  11:41  Zergling x2  
  132  11:42  Zergling x70  
  168  11:48  Chitinous Plating  
  168  11:51  Viper  
  171  12:05  Zergling x16  
  171  12:06  Zergling x10  
  171  12:07  Viper  
  187  12:10  Extractor  
  187  12:14  Extractor  
  185  12:16  Ultralisk x2  
  185  12:17  Zergling x6  
  197  12:56  Hatchery  
  196  13:05  Hatchery  
  195  13:07  Anabolic Synthesis  
  159  13:29  Ultralisk  
  159  13:30  Zergling x10, Ultralisk x5  
  179  13:38  Viper  
  179  13:39  Viper x2  
  179  13:40  Overlord x2  
  179  13:41  Overlord x2  
  165  13:43  Zergling x28  
  179  13:51  Extractor  
  179  13:52  Drone x3, Extractor  
  179  13:53  Drone x2  
  179  13:54  Drone  
  177  14:05  Roach x8  
  193  14:16  Ultralisk x2  
  177  14:17  Zergling x8  
  177  14:21  Zergling x6  
  177  14:31  Zergling x16, Ultralisk x2  
  178  14:32  Zergling x12  
  178  14:38  Zergling x6  
  187  14:44  Zergling x6  
  167  14:53  Zergling x2, Ultralisk x4  
  167  14:54  Zergling x2  
  180  15:05  Zergling x12  
  184  15:14  Drone  
  184  15:15  Drone x2, Extractor x2  
  184  15:16  Drone x3  
  188  15:22  Hydralisk x4  
  185  15:37  Hydralisk x9  
  159  15:59  Drone x5  
  159  16:00  Drone x5  
  168  16:09  Drone  
  168  16:10  Drone  
  166  16:35  Ravager x14  
  180  16:40  Drone x2  
  180  16:46  Drone x2  
  184  16:50  Viper  
  187  16:59  Drone x3  
  178  17:29  Viper x5  
  142  17:55  Drone  
  142  17:56  Drone x4  
  142  17:57  Drone x4  
  152  17:58  Drone x4  
  155  18:11  Viper x2  
  155  18:12  Viper  
  164  18:20  Hydralisk x5  
  174  18:33  Hydralisk x5  
Tags
 
Add a new tag
Caveats
  • Supply blocks, unpowered buildings, or Contaminate may cause inaccurate times.
  • Supply counts are checked every 10 seconds.